[Event "fics rated standard game"]
[Site "fics, Oklahoma City, OK USA"]
[Date "2000.01.09"]
[Time "03:35:30"]
[Round "-"]
[White "adur"]
[Black "lederstrumpf"]
[WhiteElo "1949"]
[BlackElo "2132"]
[TimeControl "1200+5"]
[Mode "ICS"]
[Result "0-1"]

1. e4 c5 2. Nc3 d6 3. g3 g6 4. Bg2 Bg7 5. d3 Nc6 6. f4 Nf6 7. Nf3 O-O 
8. O-O Rb8 9. h3 b5 10. Kh2 b4 11. Ne2 Bb7 12. g4 d5 13. e5 Nd7 14. Ng3 
Qc7 15. h4 Nb6 16. h5 Bc8 17. Bh3 f6 18. hxg6 hxg6 19. Nh4 Kh7 20. Nxg6 
Kxg6 21. f5+ Kh7 22. e6 Ne5 23. Bf4 Rh8 24. Re1 Kg8 25. Nh5 Bh6 26. Bxe5 
fxe5 27. Kg3 Bg5 28. Rh1 e4+ 29. Kg2 Bb7 30. f6 exf6 31. Nxf6+ Bxf6 32. g5 
Bxg5 33. Bf5 Rxh1 34. Qxh1 exd3 35. Qh5 Qg7 
{White resigned} 0-1